 Dungeon Crawl Stone Soup version 0.16-a0-421-gd787d97 (webtiles) character file.

578 MackTheKnife the Magician (level 7, 26/50 HPs)
             Began as a Red Draconian Ice Elementalist on Sept 14, 2014.
             Was an Initiate of Vehumet.
             Quit the game on Level 4 of the Dungeon.
             The game lasted 00:12:25 (5701 turns).

MackTheKnife the Magician (DrIE)                    Turns: 5701, Time: 00:12:25

HP  26/50        AC  6     Str 10      XL: 7   Next: 13%
MP   0/18        EV 12     Int 18      God: Vehumet [......]
Gold 203         SH  0     Dex 11      Spells:  3 memorised, 10 levels left

rFire  + . .     SeeInvis .     a - +0 whip
rCold  . . .     Clarity  .     (armour unavailable)
rNeg   . . .     rCorr    .     (no shield)
rPois  .         rRot     .     (helmet restricted)
rElec  .         Spirit   .     (no cloak)
SustAb .         Warding  .     (no gloves)
rMut   .         Stasis   .     (no boots)
Gourm  .                        (no amulet)
MR     .....                    (no ring)
                                i - ring of stealth

@: not resistant to hostile enchantments, fairly stealthy
A: breathe fire, unfitting armour, fire resistance 1, cold-blooded, AC +6
a: Breathe Fire, Renounce Religion


You were on level 4 of the Dungeon.
You worshipped Vehumet.
Vehumet was noncommittal.
You were hungry.

You visited 1 branch of the dungeon, and saw 5 of its levels.

You collected 203 gold pieces.


Innate Abilities, Weirdness & Mutations

You can breathe blasts of fire.
Your fiery red scales are hard (AC +6).
Your body does not fit into most forms of armour.
Your flesh is heat resistant.
Your cold-blooded metabolism reacts poorly to cold.


   Skills:
 - Level 1.7 Dodging
 - Level 1.7 Stealth
 - Level 5.0 Spellcasting
 + Level 2.4 Conjurations
 + Level 4.9 Ice Magic


You had 10 spell levels left.
You knew the following spells:

 Your Spells              Type           Power        Failure   Level  Hunger
a - Ozocubu's Armour      Chrm/Ice       ##......     17%         3    ###....
x - Throw Frost           Conj/Ice       ###...       6%          2    #......
z - Freeze                Ice            ###.         1%          1    None

Inventory:

Hand weapons
 a - a +0 whip (weapon)
Missiles
 e - 6 stones (quivered)
Armour
 t - a +0 hat
Comestibles
 c - 3 bread rations
 n - a royal jelly
 q - 2 fruits
 r - a beef jerky
Scrolls
 h - 2 scrolls of teleportation
 l - a scroll of remove curse
 o - 4 scrolls of identify
Jewellery
 i - a ring of stealth (left hand)
Potions
 d - a potion of poison {unknown}
 f - a potion of magic
 k - 4 potions of curing
 m - a potion of haste
 p - a potion of invisibility {unknown}
Books
 b - a book of Frost

   Spells                             Type                      Level
   *Freeze                            Ice                          1
   *Throw Frost                       Conjuration/Ice              2
   *Ozocubu's Armour                  Charms/Ice                   3
   Throw Icicle                       Conjuration/Ice              4
   Summon Ice Beast                   Ice/Summoning                4
   Condensation Shield                Ice                          4

▒·▒▒▒ ▒··s▒·······▒··▒
▒·▒▒▒▒▒▒▒▒·····_······▒
▒·▒▒·······▒·······▒··▒
▒·▒▒····▒▒)▒·······▒··▒
▒····▒·····▒▒·····▒▒··▒ ▒▒
▒▒▒▒·▒·····▒▒▒▒·▒▒▒▒··▒▒▒▒▒ ·▒
▒·▒·▒·▒················· ·▒
▒·▒····)·▒▒▒▒▒··▒······· ·▒
▒······d▒······▒▒·▒·▒▒▒· ·▒▒▒▒▒
▒▒▒▒···▒▒·▒▒▒·▒▒▒·▒·▒▒▒·
·····▒▒▒▒ ▒···▒▒·▒ ▒········▒▒·
········▒ ▒·%·▒▒(▒▒▒·▒······▒▒(
▒·▒▒·▒▒·▒ ▒···▒▒·····▒·▒·······
·····▒▒<▒ ▒···▒▒▒···▒▒·▒▒▒▒·▒▒▒
······▒·▒▒▒▒▒···▒▒·····▒·▒ ▒·▒▒·
▒·▒▒····[················▒ ▒·▒▒·
▒··········[·············▒▒▒▒····


You could see a giant cockroach (wandering).


Message History

The gnoll hits you from afar with a spear!
* * * LOW HITPOINT WARNING * * *
You climb upwards.
There is a stone staircase leading down here.
You start resting.
An ogre is nearby!
An ogre is nearby!
Aiming: Throw Frost
Aim: an ogre, wielding a giant club (hasn't noticed you)
The puff of frost hits the ogre.
The ogre is lightly wounded.
Aiming: Throw Frost
Aim: an ogre, wielding a giant club (lightly wounded)
The puff of frost hits the ogre.
The ogre is heavily wounded.
Aiming: Throw Frost
Aim: an ogre, wielding a giant club (heavily wounded)
The puff of frost hits the ogre.
The ogre is almost dead.
Aiming: Throw Frost
Aim: an ogre, wielding a giant club (almost dead)
The puff of frost hits the ogre.
You kill the ogre!
Vehumet accepts your kill.
You have reached level 7!
Your scales start taking on a fiery red colour.
You feel resistant to heat.
Your Ice Magic skill decreases to level 4!
Okay, then.
Are you sure you want to abandon this character and quit the game? (Confirm with "yes".)

Action                   |  1- 3 |  4- 6 |  7- 9 || total
-------------------------+-------+-------+-------++-------
Melee: Unarmed           |    40 |       |       ||    40
       Short sword       |   106 |    29 |       ||   135
       Whip              |       |   142 |       ||   142
 Cast: Freeze            |    35 |    99 |       ||   134
       Throw Frost       |     7 |    12 |     1 ||    20
       Ozocubu's Armour  |       |     5 |       ||     5
  Use: Scroll            |     4 |     5 |       ||     9
       Potion            |     1 |     4 |       ||     5
 Stab: Distracted        |       |     1 |       ||     1
  Eat: Chunk             |     5 |    11 |       ||    16

Vault maps used:
D:1:      erik_arrival_cave_to_civilisation, hangedman_decor_growths
D:4:      old_standard_altar, portal_sewer_entry_a, first_bread

Notes
Turn   | Place    | Note
--------------------------------------------------------------
     0 | D:1      | MackTheKnife, the Draconian Ice Elementalist, began the quest for the Orb.
     0 | D:1      | Reached XP level 1. HP: 14/14 MP: 3/3
   156 | D:1      | Found a viscous altar of Jiyva.
   157 | D:1      | Noticed a jelly
   157 | D:1      | Noticed a jelly
   157 | D:1      | Noticed a jelly
   158 | D:1      | Noticed a jelly
   158 | D:1      | Noticed a jelly
   159 | D:1      | Noticed a jelly
   209 | D:1      | Reached XP level 2. HP: 11/20 MP: 0/5
   797 | D:1      | Learned a level 2 spell: Throw Frost
  1121 | D:1      | HP: 2/20 [jackal (3)]
  1132 | D:1      | HP: 2/20 [jackal (1)]
  1790 | D:2      | Reached XP level 3. HP: 26/26 MP: 2/6
  2163 | D:2      | Reached skill level 3 in Spellcasting
  2216 | D:2      | Reached skill level 4 in Ice Magic
  2317 | D:2      | Reached XP level 4. HP: 33/33 MP: 1/9
  2591 | D:2      | Learned a level 3 spell: Ozocubu's Armour
  3349 | D:3      | Reached XP level 5. HP: 38/38 MP: 7/12
  3379 | D:3      | Reached skill level 4 in Spellcasting
  3855 | D:3      | HP: 1/38 [gnoll/spear (8)]
  4565 | D:4      | Noticed an ogre
  4606 | D:4      | Killed an ogre
  4606 | D:4      | Reached skill level 5 in Ice Magic
  4606 | D:4      | Reached XP level 6. HP: 36/45 MP: 9/16
  4869 | D:4      | Reached skill level 5 in Spellcasting
  4968 | D:4      | Found a radiant altar of Vehumet.
  4978 | D:4      | Became a worshipper of Vehumet
  5058 | D:4      | Found a glowing drain.
  5339 | D:5      | Entered Level 5 of the Dungeon
  5680 | D:5      | Reached skill level 2 in Conjurations
  5700 | D:4      | Your scales start taking on a fiery red colour.
  5700 | D:4      | Gained mutation: Your flesh is heat resistant. [draconian maturity]
  5700 | D:4      | Reduced skill Ice Magic to level 4
  5700 | D:4      | Reached XP level 7. HP: 26/50 MP: 0/18
  5701 | D:4      | Quit the game

Vanquished Creatures
  2 ogres (D:4)
  A crimson imp (D:5)
  A hound (D:4)
  A worker ant (D:4)
  8 gnolls
  8 adders
  A green rat (D:4)
  3 giant mites
  An orc skeleton (D:4)
  4 worms
  3 giant geckos
  An ooze (D:4)
  5 orcs (D:4)
  A bat skeleton (D:4)
  4 giant cockroaches
  12 goblins
  7 hobgoblins
  27 jackals
  2 quokkas
  11 bats
  4 giant newts (D:1)
  6 kobolds
  8 rats
  A rat skeleton (D:4)
122 creatures vanquished.
